Unix NetHack Version 5.0.0-0 post-release - last build May 17 2026 04:57:42 (dc50c8380fa5e20985bfe3072449f57b8d9895ef,branch:main).

Game began 2026-05-19 15:38:15, ended 2026-05-20 08:58:41.

Anarchos, lawful female dwarven Valkyrie

  ------
  |{...+     -------           -----                                -------
  |....|     |.....|           |....#######                 ########......|
  |.....#    |......###########-.^.|      ##      #######` #####    |.....|
  |....|#    |.....|           -|---       ####   #----------- #####......|
  ------#    |.....|            #             #####|.........| #####|.....|
        #    |.....|            #              #  #|.......o.-##    -------
        #    ---.---            #            ######-.........|
        #      ###!            `####         ####  |.........|
        #      ###              ###          ###   -----------
        ###     ##                #          ##
          #------.-------        -.------    ##
          #|............|        |......|######
          #|....`.@.>...|        |.......#
          #|............|        |..<...|
          #.............|        |......|
           --------------        --------

Anarchos the Skirmisher     St:18/01 Dx:14 Co:17 In:9 Wi:10 Ch:7  Lawful
Dlvl:3  $:43 HP:0(38) Pw:4(4) AC:4  Xp:3 T:1295  Hallu

Latest messages:
 You already found a monster.  Use 'm' prefix to force another search.
 You already found a monster.  Use 'm' prefix to force another search.
 You already found a monster.  Use 'm' prefix to force another search.
 You already found a monster.  Use 'm' prefix to force another search.
 You already found a monster.  Use 'm' prefix to force another search.
 You already found a monster.  Use 'm' prefix to force another search.
 You already found a monster.  Use 'm' prefix to force another search.
 You already found a monster.  Use 'm' prefix to force another search.
 You already found a monster.  Use 'm' prefix to force another search.
 You already found a monster.  Use 'm' prefix to force another search.
 You already found a monster.  Use 'm' prefix to force another search.
 You already found a monster.  Use 'm' prefix to force another search.
 You already found a monster.  Use 'm' prefix to force another search.
 You already found a monster.  Use 'm' prefix to force another search.
 You already found a monster.  Use 'm' prefix to force another search.
 You already found a monster.  Use 'm' prefix to force another search.
 You already found a monster.  Use 'm' prefix to force another search.
 You already found a monster.  Use 'm' prefix to force another search.
 You already found a monster.  Use 'm' prefix to force another search.
 You already found a monster.  Use 'm' prefix to force another search.
 You already found a monster.  Use 'm' prefix to force another search.
 You already found a monster.  Use 'm' prefix to force another search.
 You already found a monster.  Use 'm' prefix to force another search.
 You already found a monster.  Use 'm' prefix to force another search.
 You already found a monster.  Use 'm' prefix to force another search.
 You already found a monster.  Use 'm' prefix to force another search.
 The stone giant misses!
 You hit the kobold mummy!
 The grid bug bites!
 You miss the vampire bat.
 The baby green dragon bites!
 You miss the Uruk-hai.
 The green mold misses!
 The giant zombie misses!
 The arch-pedant bites!
 The baby gray dragon bites!
 You kill the baby yellow dragon!
 You are splashed by the fire vortex's slow light!
 The shallow one bites!
 You miss the Nazgul.
 The wraith just misses!
 You miss the horned devil.
 The wood nymph bites!
 You kill the kobold zombie!
 A - an acid blob corpse.
 What do you want to eat? [duA or ?*] A
 You have a very bad case of stomach acid.
 You die...
 Do you want your possessions identified? [ynq] (y) y
 Do you want to see your attributes? [ynq] (y) q

Inventory:
 Coins    ('$')
  $ - 43 gold pieces
 Weapons  (')')
  n - 11 blessed +0 darts
  x - a blessed +0 dagger
  b - a +0 dagger (alternate weapon; not wielded)
  a - a +1 dwarvish spear (weapon in right hand)
 Armor    ('[')
  p - an uncursed +0 pair of kicking boots (being worn)
  c - an uncursed +4 small shield (being worn)
  y - an uncursed +0 elven mithril-coat
 Comestibles  ('%')
  d - an uncursed food ration
  A - an uncursed partly eaten acid blob corpse
  u - 2 uncursed lichen corpses
 Spellbooks  ('+')
  l - an uncursed spellbook of detect unseen
 Potions  ('!')
  v - a cursed potion of monster detection
  e - an uncursed potion of water
 Rings    ('=')
  q - an uncursed ring of poison resistance (on left hand)
  w - an uncursed ring of stealth (on right hand)
 Wands    ('/')
  h - a wand of digging (0:6)
 Gems/Stones  ('*')
  m - a cursed obsidian stone
  s - an uncursed worthless piece of yellow glass
  o - an uncursed luckstone

Anarchos the Valkyrie's attributes:

Background:
 You were a Skirmisher, a level 3 dwarven Valkyrie.
 You were lawful, nominally on a mission for Tyr
 who was opposed by Odin (neutral) and Loki (chaotic).
 You were right-handed.
 You were in the Dungeons of Doom, on level 3.
 You entered the dungeon 1295 turns ago.
 You had 59 experience points, 21 more were needed to attain level 4.

Basics:
 You had 0 out of 38 hit points.
 You had all 4 energy points (spell power).
 Your armor class was 4.
 Your wallet contained 43 Ankh-Morpork Dollars.
 Autopickup was on for all types.

Final Characteristics:
 Your strength was 18/01 (limit:18/100).
 Your dexterity was 14 (limit:20).
 Your constitution was 17 (limit:20).
 Your intelligence was 9 (limit:16).
 Your wisdom was 10 (limit:16).
 Your charisma was 7 (limit:16).

Final Status:
 You were hallucinating.
 You weren't hungry.
 You were unencumbered.
 You were wielding a spear.
 You had basic skill with spear.

Final Attributes:
 You were devoutly aligned.
 You were cold resistant.
 You were poison resistant.
 You had infravision.
 You were stealthy.
 You were lucky.
 You had extra luck.
 Bad luck did not time out for you.
 Good luck did not time out for you.
 You are dead.

Miscellaneous:
 You didn't encounter any bones levels.
 Total elapsed playing time was 1 hour, 24 minutes and 53 seconds.

Major events:
 Turn
    1: Anarchos the lawful dwarven Valkyrie entered the dungeon
 1133: attained the rank of Skirmisher (level 3)
 1295: killed by an acidic corpse

You didn't know any spells.

Skills:
 Fighting Skills
   bare handed combat [Unskilled]
   two weapon combat  [Unskilled]
   riding             [Unskilled]
 Weapon Skills
   dagger             [Basic]
   axe                [Unskilled]
   pick-axe           [Unskilled]
   short sword        [Unskilled]
   broadsword         [Unskilled]
   long sword         [Unskilled]
   two-handed sword   [Unskilled]
   saber              [Unskilled]
   hammer             [Unskilled]
   quarterstaff       [Unskilled]
   polearms           [Unskilled]
   spear              [Basic]
   trident            [Unskilled]
   lance              [Unskilled]
   sling              [Unskilled]
 Spellcasting Skills
   attack spells      [Unskilled]
   escape spells      [Unskilled]

Voluntary challenges:
 Character rerolling was not enabled.
 You were an atheist.
 You never genocided any monsters.
 You never polymorphed an object.
 You never changed form.
 You used no wishes.
Achievements:
 You entered a shop.
 You attained the rank of Skirmisher.

 The Dungeons of Doom: levels 1 to 3
    Level 1:
       A fountain.
    Level 2:
       A general store.
    Level 3: <- You were here.
       A sink.
       Final resting place for
          you, killed by an acidic corpse.


Vanquished creatures:
  a kitten
  2 acid blobs
  a hobbit
  a yellow mold
  a green mold
  a red mold
  2 jackals
  5 grid bugs
  4 lichens
  a kobold zombie
  9 newts
28 creatures vanquished.

No species were genocided or became extinct.

Game over:
                       ----------
                      /          \
                     /    REST    \
                    /      IN      \
                   /     PEACE      \
                  /                  \
                  |     Anarchos     |
                  |      43 Au       |
                  |   killed by an   |
                  |  acidic corpse   |
                  |                  |
                  |                  |
                  |       2026       |
                 *|     *  *  *      | *
        _________)/\\_//(\/(/\)/\//\/|_)_______

Farvel Anarchos the Valkyrie...

You died in The Dungeons of Doom on dungeon level 3 with 405 points,
and 43 pieces of gold, after 1295 moves.
You were level 3 with a maximum of 38 hit points when you died.

